TOP OF THE 1ST |
Frisco RoughRiders batting - Pitching for San Antonio Missions : RHP Jerry Suarez
|
Pitching: RHP Jerry Suarez
|
|
Batting: RHB Ethan Cullins
|
0-0: Hit by Pitch
|
Batting: LHB Drew Mooney
|
0-0: Called Strike 0-1: Fly out, F7 (Line Drive, 78M, EV 104.4 MPH)
|
Batting: RHB Sam Stewart
|
0-0: Swinging Strike 0-1: SINGLE (Line Drive, 7S, EV 88.1 MPH) Ethan Cullins to second
|
Batting: RHB Mark DeShazer
|
0-0: Fly out, F8 (Flyball, 8LD, EV 97.5 MPH)
|
Batting: RHB Andres Chiprez
|
0-0: Called Strike 0-1: Foul Ball, location: 9LMF 0-2: Strikes out swinging
|
Top of the 1st over - 0 runs, 1 hit, 0 errors, 2 left on base; Frisco 0 - San Antonio 0 |
BOTTOM OF THE 1ST |
San Antonio Missions batting - Pitching for Frisco RoughRiders : RHP Ramon Acosta
|
Pitching: RHP Ramon Acosta
|
|
Batting: RHB Ralph Katch
|
0-0: Ball 1-0: Called Strike 1-1: Ball 2-1: DOUBLE (Line Drive, 89M, EV 96.9 MPH)
|
Batting: RHB Davy Lewis
|
0-0: Swinging Strike 0-1: Ball 1-1: Ground out 6-3 (Groundball, 56D, EV 105.0 MPH)
|
Batting: RHB Amaro Alfarela
|
0-0: Called Strike 0-1: Called Strike 0-2: Ball 1-2: Foul Ball, location: 2F 1-2: Fly out, F9 (Flyball, 89XD, EV 81.9 MPH)
|
Batting: RHB Hunter Duke
|
0-0: Ball 1-0: Swinging Strike 1-1: Ball 2-1: Foul Ball, location: 2F 2-2: Strikes out looking
|
Bottom of the 1st over - 0 runs, 1 hit, 0 errors, 1 left on base; Frisco 0 - San Antonio 0 |
TOP OF THE 2ND |
Frisco RoughRiders batting - Pitching for San Antonio Missions : RHP Jerry Suarez
|
Batting: SHB Gabe Adame
|
0-0: SINGLE (Flyball, 78S, EV 91.3 MPH)
|
Batting: SHB Dan Morales
|
0-0: Bunted foul 0-1: Fly out, F8 (Flyball, 8LS, EV 91.3 MPH)
|
Batting: LHB Isaiah Morris
|
0-0: Swinging Strike 0-1: Swinging Strike 0-2: Ball 1-2: 2-RUN HOME RUN (Flyball, 8LXD, EV 110.6 MPH), Distance : 422 ft
|
Batting: RHB Chris Arena
|
0-0: Ball 1-0: Fly out, F8 (Flyball, 8RXD, EV 108.8 MPH)
|
Pitching: RHP Jeff Nolte
|
|
Batting: RHB Ethan Cullins
|
0-0: Called Strike 0-1: Ball 1-1: Ball 2-1: Fly out, F9 (Flyball, 89S, EV 93.8 MPH)
|
Top of the 2nd over - 2 runs, 2 hits, 0 errors, 0 left on base; Frisco 2 - San Antonio 0 |
BOTTOM OF THE 2ND |
San Antonio Missions batting - Pitching for Frisco RoughRiders : RHP Ramon Acosta
|
Batting: RHB Steve Redlin
|
0-0: Ball 1-0: Ball 2-0: Ball 3-0: Base on Balls
|
Batting: RHB Marco Ontiveros
|
0-0: Foul Ball, location: 9LDF 0-1: Ball 1-1: Ground out U3 (Groundball, 34S, EV 70.0 MPH) Steve Redlin to second
|
Batting: RHB Tomas Pineda
|
0-0: Foul Ball, location: 2RF 0-1: Ball 1-1: Ground out 4-3 (Groundball, 34D, EV 95.0 MPH) Steve Redlin to third
|
Batting: SHB Andrew Lankford
|
0-0: Called Strike 0-1: Swinging Strike 0-2: Ball 1-2: Strikes out swinging
|
Bottom of the 2nd over - 0 runs, 0 hits, 0 errors, 1 left on base; Frisco 2 - San Antonio 0 |
TOP OF THE 3RD |
Frisco RoughRiders batting - Pitching for San Antonio Missions : RHP Jeff Nolte
|
Batting: LHB Drew Mooney
|
0-0: Ball 1-0: Fly out, F5 (Popup, 5SF, EV 75.0 MPH)
|
Batting: RHB Sam Stewart
|
0-0: Called Strike 0-1: Ball 1-1: Ground out 6-3 (Groundball, 6S, EV 88.1 MPH)
|
Batting: RHB Mark DeShazer
|
0-0: Ball 1-0: Called Strike 1-1: Ball 2-1: SINGLE (Line Drive, 78S, EV 101.9 MPH)
|
Batting: RHB Andres Chiprez
|
0-0: Called Strike 0-1: Swinging Strike 0-2: Ball 1-2: Strikes out swinging
|
Top of the 3rd over - 0 runs, 1 hit, 0 errors, 1 left on base; Frisco 2 - San Antonio 0 |
BOTTOM OF THE 3RD |
San Antonio Missions batting - Pitching for Frisco RoughRiders : RHP Ramon Acosta
|
Batting: RHB Craig Templeton
|
0-0: Called Strike 0-1: SINGLE (Flyball, 9S, EV 92.5 MPH)
|
Batting: RHB Ralph Katch
|
0-0: Fielders Choice at 2nd, 6-4 (Groundball, 6M, EV 100.0 MPH)
|
Batting: RHB Davy Lewis
|
0-0: Ball 1-0: Fly out, F6 (Popup, 6M, EV 41.9 MPH)
|
Batting: RHB Amaro Alfarela
|
0-0: Ball 1-0: Swinging Strike 1-1: Ball 2-1: Called Strike 2-2: Ball Ralph Katch steals 2nd base 3-2: Base on Balls
|
Batting: RHB Hunter Duke
|
0-0: Ball 1-0: Fly out, F7 (Line Drive, 7S, EV 87.5 MPH)
|
Bottom of the 3rd over - 0 runs, 1 hit, 0 errors, 2 left on base; Frisco 2 - San Antonio 0 |
TOP OF THE 4TH |
Frisco RoughRiders batting - Pitching for San Antonio Missions : RHP Jeff Nolte
|
Batting: SHB Gabe Adame
|
0-0: Called Strike 0-1: Ball 1-1: SINGLE (Line Drive, 7S, EV 92.5 MPH)
|
Batting: SHB Dan Morales
|
0-0: Ball 1-0: Foul Ball, location: 5F 1-1: Bunt missed! 1-2: Foul Ball, location: 3F 1-2: Ball 2-2: Foul Ball, location: 7LSF 2-2: Hit by Pitch Gabe Adame to second
|
Batting: LHB Isaiah Morris
|
0-0: Ball 1-0: Swinging Strike 1-1: Ball 2-1: Foul Ball, location: 7LMF 2-2: Strikes out swinging
|
Batting: RHB Chris Arena
|
0-0: Ball Wild Pitch! Gabe Adame to third Dan Morales to second 1-0: Foul Ball, location: 2F 1-1: SINGLE (Line Drive, 89M, EV 103.8 MPH) Gabe Adame scores Dan Morales to third Runner from 3rd tries for Home, SAFE, throw by CF to home
|
Pitching: LHP Ben Johnson
|
|
Batting: RHB Ethan Cullins
|
0-0: Ball 1-0: Fielders Choice at 2nd, 5-4 (Groundball, 25, EV 90.0 MPH)
|
Batting: LHB Drew Mooney
|
0-0: SINGLE (Line Drive, 78S, EV 104.4 MPH) Ethan Cullins to second
|
Batting: RHB Sam Stewart
|
0-0: Fielders Choice at 3rd, U5 (Groundball, 5, EV 106.9 MPH)
|
Top of the 4th over - 2 runs, 3 hits, 0 errors, 1 left on base; Frisco 4 - San Antonio 0 |
BOTTOM OF THE 4TH |
San Antonio Missions batting - Pitching for Frisco RoughRiders : RHP Ramon Acosta
|
Batting: RHB Steve Redlin
|
0-0: Called Strike 0-1: Fly out, F9 (Flyball, 9LMF, EV 96.9 MPH)
|
Batting: RHB Marco Ontiveros
|
0-0: Ball 1-0: Ball 2-0: SINGLE (Line Drive, 8RS, EV 100.0 MPH)
|
Batting: RHB Tomas Pineda
|
0-0: Called Strike 0-1: Grounds into double play, 1-4-3 (Groundball, 15S, EV 66.3 MPH)
|
Bottom of the 4th over - 0 runs, 1 hit, 0 errors, 0 left on base; Frisco 4 - San Antonio 0 |
TOP OF THE 5TH |
Frisco RoughRiders batting - Pitching for San Antonio Missions : LHP Ben Johnson
|
Batting: RHB Mark DeShazer
|
0-0: Foul Ball, location: 9LMF 0-1: Fly out, F8 (Line Drive, 8RD, EV 93.8 MPH)
|
Batting: RHB Andres Chiprez
|
0-0: Ball 1-0: Foul Ball, location: 3F 1-1: Fly out, F5 (Popup, 6S, EV 78.8 MPH)
|
Batting: SHB Gabe Adame
|
0-0: Called Strike 0-1: Ball 1-1: Fly out, F8 (Flyball, 8LM, EV 88.8 MPH)
|
Top of the 5th over - 0 runs, 0 hits, 0 errors, 0 left on base; Frisco 4 - San Antonio 0 |
BOTTOM OF THE 5TH |
San Antonio Missions batting - Pitching for Frisco RoughRiders : RHP Ramon Acosta
|
Batting: SHB Andrew Lankford
|
0-0: Foul Ball, location: 7LMF 0-1: Ball 1-1: Ball 2-1: Swinging Strike 2-2: Strikes out swinging
|
Batting: RHB Craig Templeton
|
0-0: Called Strike 0-1: Foul Ball, location: 3FF 0-2: Foul Ball, location: 2F 0-2: Ball 1-2: Strikes out swinging
|
Batting: RHB Ralph Katch
|
0-0: Ball 1-0: Ball 2-0: Fly out, F9 (Flyball, 9, EV 88.8 MPH)
|
Bottom of the 5th over - 0 runs, 0 hits, 0 errors, 0 left on base; Frisco 4 - San Antonio 0 |
TOP OF THE 6TH |
Frisco RoughRiders batting - Pitching for San Antonio Missions : LHP Ben Johnson
|
Batting: SHB Dan Morales
|
0-0: Ball 1-0: Foul Ball, location: 2RF 1-1: DOUBLE (Flyball, 9D, EV 99.4 MPH)
|
Batting: LHB Isaiah Morris
|
0-0: SINGLE (Groundball, 34D, EV 100.0 MPH) Dan Morales to third Runner from 3rd tries for Home, SAFE, throw by RF to home Isaiah Morris to second
|
Batting: RHB Chris Arena
|
0-0: Foul Ball, location: 7LDF 0-1: Ball 1-1: Called Strike 1-2: Foul Ball, location: 2F 1-2: Fly out, F4 (Popup, 4S, EV 86.9 MPH)
|
Batting: RHB Ethan Cullins
|
0-0: Ground out 4-3 (Groundball, 4MD, EV 103.1 MPH)
|
Batting: LHB Drew Mooney
|
0-0: Ball 1-0: Foul Ball, location: 23FF 1-1: Ball 2-1: Fly out, F6 (Popup, 6MS, EV 73.8 MPH)
|
Top of the 6th over - 1 run, 2 hits, 0 errors, 1 left on base; Frisco 5 - San Antonio 0 |
BOTTOM OF THE 6TH |
San Antonio Missions batting - Pitching for Frisco RoughRiders : RHP Ramon Acosta
|
Batting: RHB Davy Lewis
|
0-0: Ball 1-0: Fly out, F8 (Line Drive, 8LS, EV 85.6 MPH)
|
Batting: RHB Amaro Alfarela
|
0-0: Fly out, F4 (Line Drive, 4, EV 74.4 MPH)
|
Batting: RHB Hunter Duke
|
0-0: Ball 1-0: Ball 2-0: Called Strike 2-1: Called Strike 2-2: Ball 3-2: Foul Ball, location: 3F 3-2: Ground out 4-3 (Groundball, 4, EV 81.3 MPH)
|
Bottom of the 6th over - 0 runs, 0 hits, 0 errors, 0 left on base; Frisco 5 - San Antonio 0 |
TOP OF THE 7TH |
Frisco RoughRiders batting - Pitching for San Antonio Missions : LHP Ben Johnson
|
Batting: RHB Sam Stewart
|
0-0: Ball 1-0: Foul Ball, location: 25FF 1-1: Called Strike 1-2: Strikes out swinging
|
Batting: RHB Mark DeShazer
|
0-0: Called Strike 0-1: Ball 1-1: Ball 2-1: Ball 3-1: Base on Balls
|
Batting: RHB Andres Chiprez
|
0-0: Called Strike 0-1: Called Strike 0-2: Ball 1-2: Strikes out swinging
|
Batting: SHB Gabe Adame
|
0-0: Ball 1-0: Foul Ball, location: 2F 1-1: Foul Ball, location: 5SF 1-2: Ball 2-2: Ball 3-2: Base on Balls Mark DeShazer to second
|
Batting: SHB Dan Morales
|
0-0: SINGLE (Groundball, 4MD, EV 100.6 MPH) Mark DeShazer to third Gabe Adame to second Runner from 3rd tries for Home, SAFE, throw by CF to home
|
Batting: LHB Isaiah Morris
|
0-0: Ball 1-0: Swinging Strike 1-1: Ball 2-1: Swinging Strike 2-2: Strikes out looking
|
Top of the 7th over - 1 run, 1 hit, 0 errors, 2 left on base; Frisco 6 - San Antonio 0 |
BOTTOM OF THE 7TH |
San Antonio Missions batting - Pitching for Frisco RoughRiders : RHP Ramon Acosta
|
Batting: RHB Steve Redlin
|
0-0: Fly out, F4 (Line Drive, 4, EV 70.0 MPH)
|
Batting: RHB Marco Ontiveros
|
0-0: Called Strike 0-1: Called Strike 0-2: Ball 1-2: Foul Ball, location: 5F 1-2: Strikes out swinging
|
Batting: RHB Tomas Pineda
|
0-0: Called Strike 0-1: Foul Ball, location: 9LDF 0-2: Strikes out looking
|
Bottom of the 7th over - 0 runs, 0 hits, 0 errors, 0 left on base; Frisco 6 - San Antonio 0 |
TOP OF THE 8TH |
Frisco RoughRiders batting - Pitching for San Antonio Missions : LHP Ben Johnson
|
Batting: RHB Chris Arena
|
0-0: Called Strike 0-1: DOUBLE (Line Drive, 89M, EV 106.9 MPH)
|
Pitching: RHP Chris Pine
|
|
Batting: RHB Ethan Cullins
|
0-0: Ball 1-0: Ground out 1-3 (Groundball, 13S, EV 70.6 MPH) Chris Arena to third
|
Batting: LHB Drew Mooney
|
0-0: Ball 1-0: Ground out 4-3 (Groundball, 34, EV 80.0 MPH)
|
Batting: RHB Sam Stewart
|
0-0: Foul Ball, location: 25FF 0-1: Called Strike 0-2: Ball 1-2: Ball 2-2: Ball 3-2: Strikes out swinging
|
Top of the 8th over - 0 runs, 1 hit, 0 errors, 1 left on base; Frisco 6 - San Antonio 0 |
BOTTOM OF THE 8TH |
San Antonio Missions batting - Pitching for Frisco RoughRiders : RHP Ramon Acosta
|
Batting: SHB Andrew Lankford
|
0-0: Swinging Strike 0-1: Foul Ball, location: 3FF 0-2: Ball 1-2: Ball 2-2: Ball 3-2: Foul Ball, location: 7LDF 3-2: Strikes out looking
|
Batting: RHB Craig Templeton
|
0-0: Called Strike 0-1: Called Strike 0-2: Foul Ball, location: 2F 0-2: SINGLE (Groundball, 4MD, EV 98.1 MPH)
|
Batting: RHB Ralph Katch
|
0-0: Called Strike 0-1: Swinging Strike 0-2: Fielders Choice at 2nd, 5-4 (Groundball, 56S, EV 85.6 MPH)
|
Batting: RHB Davy Lewis
|
0-0: Fly out, F8 (Line Drive, 8LS, EV 90.6 MPH)
|
Bottom of the 8th over - 0 runs, 1 hit, 0 errors, 1 left on base; Frisco 6 - San Antonio 0 |
TOP OF THE 9TH |
Frisco RoughRiders batting - Pitching for San Antonio Missions : RHP Chris Pine
|
Batting: RHB Mark DeShazer
|
0-0: Called Strike 0-1: Ball 1-1: Foul Ball, location: 9LSF 1-2: Fly out, F4 (Popup, 34S, EV 84.4 MPH)
|
Batting: RHB Andres Chiprez
|
0-0: Foul Ball, location: 25F 0-1: Ball 1-1: Called Strike 1-2: Strikes out looking
|
Batting: SHB Gabe Adame
|
0-0: Ball 1-0: Fly out, F7 (Flyball, 7, EV 99.4 MPH)
|
Top of the 9th over - 0 runs, 0 hits, 0 errors, 0 left on base; Frisco 6 - San Antonio 0 |
BOTTOM OF THE 9TH |
San Antonio Missions batting - Pitching for Frisco RoughRiders : RHP Ramon Acosta
|
Batting: RHB Amaro Alfarela
|
0-0: Foul Ball, location: 2F 0-1: Ball 1-1: Ball 2-1: Ball 3-1: Foul Ball, location: 9LSF 3-2: Fly out, F8 (Line Drive, 8RD, EV 96.3 MPH)
|
Batting: RHB Hunter Duke
|
0-0: Foul Ball, location: 3DF 0-1: Ball 1-1: Called Strike 1-2: Strikes out swinging
|
Batting: RHB Steve Redlin
|
0-0: Ball 1-0: Called Strike 1-1: Foul Ball, location: 2F 1-2: Ball 2-2: Foul Ball, location: 5FF 2-2: Foul Ball, location: 9LSF 2-2: Ball 3-2: Ground out 6-3 (Groundball, 6S, EV 75.0 MPH)
|
Bottom of the 9th over - 0 runs, 0 hits, 0 errors, 0 left on base; Frisco 6 - San Antonio 0 |
|